 Dungeon Crawl Stone Soup version 0.17-a0-963-gaa5423c (webtiles) character file.

53 oplop the Gusty (level 3, -5/19 HPs)
             Began as a Tengu Air Elementalist on May 8, 2015.
             Slain by a worm (10 damage)
             ... on level 2 of the Dungeon.
             The game lasted 00:03:30 (1605 turns).

oplop the Gusty (Tengu Air Elementalist)            Turns: 1605, Time: 00:03:30

Health: -5/19      AC:  2    Str:  8    XL:     3   Next: 89%
Magic:  1/7        EV: 13    Int: 16    God:
Gold:   53         SH:  0    Dex: 14    Spells: 1 memorised, 6 levels left

rFire  . . .     SeeInvis .     m - +0 whip
rCold  . . .     Clarity  .     a - +0 robe
rNeg   . . .     SustAb   .     (no shield)
rPois  .         Gourm    .     (helmet restricted)
rElec  .         Spirit   .     (no cloak)
rCorr  .         Warding  .     (no gloves)
rMut   .         Stasis   .     (boots unavailable)
MR     .....                    (no amulet)
Stlth  ++........               (no ring)
                                (no ring)

@: not resistant to hostile enchantments, unstealthy
A: beak, talons 3
a: no special abilities


You were on level 2 of the Dungeon.
You were hungry.

You visited 1 branch of the dungeon, and saw 2 of its levels.

You collected 53 gold pieces.

Inventory:

Hand weapons
 m - a +0 whip (weapon)
Armour
 a - a +0 robe (worn)
Scrolls
 d - 2 scrolls of teleportation {unknown}
 f - a scroll of fear {unknown}
 h - a scroll of identify {unknown}
 k - 2 scrolls of remove curse {unknown}
Potions
 e - a potion of lignification {unknown}
 g - a potion of heal wounds {unknown}
 i - 2 potions of magic {unknown}
 l - a potion of haste {unknown}
Books
 b - a book of Air

   Spells                             Type                      Level
   a - Shock                          Conjuration/Air              1
   b - Swiftness                      Charms/Air                   2
   c - Repel Missiles                 Charms/Air                   2
   d - Flight                         Charms/Air                   3
   e - Static Discharge               Conjuration/Air              3
   f - Lightning Bolt                 Conjuration/Air              5
Comestibles
 c - 3 bread rations


   Skills:
 + Level 0.0 Fighting
 + Level 2.5 Dodging
 - Level 2.0 Stealth
 + Level 2.5 Spellcasting
 * Level 2.2 Conjurations
 * Level 5.1 Air Magic


You had 6 spell levels left.
You knew the following spells:

 Your Spells              Type           Power        Failure   Level  Hunger
a - Shock                 Conj/Air       ##..         6%          1    #......


Dungeon Overview and Level Annotations

Branches:
Dungeon (2/15)

Altars:


Innate Abilities, Weirdness & Mutations

You have a beak for a mouth.
You have claws for feet.


Message History

Aim: a worm (lightly wounded)
The zap hits the worm.
The worm is moderately wounded.
Casting: Shock
Confirm with . or Enter, or press ? or * to list all spells.
Aiming: Shock
Press: ? - help, Shift-Dir - straight line, f/p - worm
Aim: a worm (moderately wounded)
The zap hits the worm.
The worm is moderately wounded.
Casting: Shock
Confirm with . or Enter, or press ? or * to list all spells.
Aiming: Shock
Press: ? - help, Shift-Dir - straight line, f/p - worm
Aim: a worm (moderately wounded)
The zap hits the worm.
The worm is heavily wounded.
The worm bites you!
Ouch! That really hurt!
You die...

###### ##......#....####.......#
.....####..#########.#......#####
...#......#########....###..# #
##...........).((...#.##....# #
##....###.#..###....#.......# #
#......##.##........##......#####
#......#..######...............##
#......................##........
.......#.#######@...##...........
.......#..######w...###.##.......
......##..##.............#.......
......#....#........###(.#.......
....................# ##.........
....................# #..<..##.#
...............>....####...#.##.#
......##............(...........#
....................###.#..#.#..#


You could see a worm.

Vanquished Creatures
  2 adders (D:2)
  An ooze (D:2)
  2 giant geckos
  3 giant cockroaches
  4 hobgoblins
  A ball python (D:1)
  4 bats (D:2)
  4 giant newts
  7 goblins
  3 kobolds
  3 rats (D:1)
34 creatures vanquished.

Notes
Turn   | Place    | Note
--------------------------------------------------------------
     0 | D:1      | oplop, the Tengu Air Elementalist, began the quest for the Orb.
     0 | D:1      | Reached XP level 1. HP: 10/10 MP: 4/4
   101 | D:1      | Reached XP level 2. HP: 10/15 MP: 1/6
   919 | D:2      | Reached XP level 3. HP: 19/19 MP: 2/7
  1159 | D:2      | Reached skill level 5 in Air Magic
  1605 | D:2      | Slain by a worm

Action                   || total
-------------------------++-------
Melee: Unarmed           ||    29
       Whip              ||    11
 Cast: Shock             ||    68
  Eat: Beef jerky        ||     1
       Chunk             ||     1
